 Dungeon Crawl Stone Soup version 0.23.2-11-gf996548c65 (webtiles) character file.

Game seed: 8443094840885190507

2303 Kobolds4U the Carver (level 9, -2/75 HPs)
             Began as a Minotaur Fighter on June 4, 2019.
             Was an Initiate of Okawaru.
             Slain by a wolf (5 damage)
             ... led by Grum
             ... on level 8 of the Dungeon.
             The game lasted 00:19:02 (7298 turns).

Kobolds4U the Carver (Minotaur Fighter)             Turns: 7298, Time: 00:19:03

Health: -2/75      AC:  9    Str: 20    XL:     9   Next: 18%
Magic:  8/8        EV:  6    Int: 14    God:    Okawaru [......]
Gold:   430        SH: 17    Dex: 14    Spells: 8/8 levels left

rFire    . . .     SeeInvis .   a - +0 long sword
rCold    . . .     Gourm    .   H - +0 large shield of Uko Pesm {Int+9}
rNeg     . . .     Faith    .   b - +0 scale mail
rPois    .         Spirit   .   (helmet restricted)
rElec    .         Reflect  .   (no cloak)
rCorr    .         Harm     .   x - +0 pair of gloves
MR       .....                  i - +0 pair of boots
Stlth    ..........             (no amulet)
HPRegen  0.22/turn              (no ring)
MPRegen  0.11/turn              (no ring)

@: no status effects
A: retaliatory headbutt, horns 2
a: Renounce Religion


You were on level 8 of the Dungeon.
You worshipped Okawaru.
Okawaru was noncommittal.
You were not hungry.

You visited 2 branches of the dungeon, and saw 9 of its levels.
You also visited: Ossuary.

You collected 430 gold pieces.

Inventory:

Hand Weapons
 a - a +0 long sword (weapon)
 B - the +4 dagger of the Shrike {antimagic, rElec}
   (You took it off an orc on level 4 of the Dungeon)

   It reduces the magical energy of the wielder, and disrupts the spells and
   magical abilities of those hit.
   Natural abilities and divine invocations are not affected.
   It insulates you from electricity.
Missiles
 r - 7 tomahawks (quivered)
Armour
 b - a +0 scale mail (worn)
 i - a +0 pair of boots (worn)
 x - a +0 pair of gloves (worn)
 y - the +1 leather armour of Honour {rC+ Int-3 Dex+3 Slay+2}
   (You found it on level 4 of the Dungeon)

   It affects your intelligence (-3).
   It affects your dexterity (+3).
   It affects your accuracy and damage with ranged weapons and melee attacks
   (+2).
   It protects you from cold.
 H - the +0 large shield of Uko Pesm (worn) {Int+9}
   (You took it off an orc priest on level 4 of the Dungeon)

   It affects your intelligence (+9).
Jewellery
 p - a +2 ring of intelligence {unknown}
 E - a cursed amulet of inaccuracy {unknown}
Wands
 C - a wand of polymorph (6)
 I - a wand of paralysis (6)
Scrolls
 e - 7 scrolls of remove curse
 g - 3 scrolls of enchant weapon {unknown}
 j - 3 scrolls of teleportation {unknown}
 l - a scroll of noise {unknown}
 m - 5 scrolls of magic mapping {unknown}
 n - 7 scrolls of identify {unknown}
 u - a scroll of enchant armour {unknown}
 v - 2 scrolls of amnesia {unknown}
 w - a scroll of immolation {unknown}
Potions
 d - a potion of might
 h - 2 potions of invisibility {unknown}
 k - 9 potions of heal wounds {unknown}
 o - 2 potions of ambrosia {unknown}
 q - 3 potions of agility {unknown}
 s - a potion of brilliance {unknown}
 t - 3 potions of lignification {unknown}
 z - 2 potions of berserk rage {unknown}
 D - 3 potions of flight {unknown}
 F - a potion of degeneration {unknown}
 G - 4 potions of curing {unknown}
Comestibles
 c - 8 chunks of flesh
 f - 10 rations


   Skills:
 - Level 6.0 Fighting
 + Level 10.9 Long Blades
 - Level 3.6 Armour
 * Level 9.4 Shields


You had 8 spell levels left.
You didn't know any spells.
Your spell library was empty.

Dungeon Overview and Level Annotations

Branches:
Dungeon (8/15)             Temple (1/1) D:7
   Lair: D:8-11

Altars:
Ashenzari
Cheibriados
Dithmenos
Elyvilon
Fedhas
Gozag
Hepliaklqana
Kikubaaqudgha
Nemelex Xobeh
Okawaru
Qazlal
Ru
Sif Muna
Trog
Uskayaw
Vehumet
Wu Jian
Xom
Yredelemnul
Zin
The Shining One

Shops:
D:4 (

Annotations:
D:8 Grum


Innate Abilities, Weirdness & Mutations

You reflexively headbutt those who attack you in melee.
You have a pair of horns on your head.


Message History

The wolf is almost dead.
You block the wolf's attack. x2
Grum hits you from afar with a -2 spear!!
* * * LOW HITPOINT WARNING * * *
The wolf bites you.
* * * LOW HITPOINT WARNING * * *
You block the wolf's attack. You block the wolf's attack.
There is an open door here.
You close the door.
The wolf barely misses you. You furiously retaliate!
You headbutt the wolf, but do no damage.
You block the wolf's attack.
You block the wolf's attack. x2; Grum opens the door.
The wolf bites you.
* * * LOW HITPOINT WARNING * * *
The wolf bites you but does no damage. The wolf barely misses you.
You furiously retaliate!
You headbutt the wolf! You block the wolf's attack. The wolf bites you.
You die...

#......(#.............
....# #.......##+###....##.
....+ #####..).#..##....#
#...#
#....#........###+##$..#
#....#........#....#...#
#....+...<....+....#...#
#....#........#....#...#
#....##########....'...# .
###.......@h...g...#####...
#........h...####........
+............# #........
#............# #........
###+##.......# #........
#.......# #........
#.......# #........
#.......# #........
######### #########


You could see Grum and 2 wolves.

Vanquished Creatures
  A hippogriff (D:7)
  Sigmund (D:4)
  Eustachio (D:5)
  A phantom (D:5)
  A black bear (D:5)
  A hornet zombie (D:6)
  2 ice beasts
  An ogre (D:5)
  3 centaurs
  A bullfrog (D:7)
  A water moccasin zombie (Ossuary)
  2 howler monkeys
  A crimson imp (D:5)
  A bullfrog zombie (D:7)
  4 hounds
  A centaur skeleton (D:4)
  2 orc priests (D:4)
  A bullfrog skeleton (D:7)
  An orc wizard (D:4)
  2 iguanas
  3 worker ants
  4 big kobold zombies (Ossuary)
  2 hound skeletons (D:5)
  2 mummies (Ossuary)
  A worker ant zombie (D:7)
  A gnoll (D:1)
  7 adders
  4 shadow imps
  4 adder zombies
  A worm (D:4)
  2 dart slugs
  7 leopard geckos
  21 orcs
  10 bats
  7 giant cockroaches
  14 goblins
  9 hobgoblins
  3 quokkas
  A ball python (D:2)
  3 frilled lizards
  6 gnoll zombies (Ossuary)
  4 hobgoblin zombies (Ossuary)
  7 kobolds
  3 kobold zombies (Ossuary)
  A leopard gecko skeleton (D:4)
  9 orc zombies (Ossuary)
  5 rats
170 creatures vanquished.

Notes
Turn   | Place    | Note
-------+----------+-------------------------------------------
     0 | D:1      | Kobolds4U the Minotaur Fighter began the quest for the Orb.
     0 | D:1      | Reached XP level 1. HP: 19/19 MP: 0/0
   163 | D:1      | Reached skill level 3 in Long Blades
   179 | D:1      | Reached XP level 2. HP: 19/26 MP: 1/1
   398 | D:1      | Reached skill level 4 in Long Blades
   440 | D:1      | Reached XP level 3. HP: 31/31 MP: 2/2
   756 | D:2      | Reached skill level 5 in Long Blades
   915 | D:2      | Reached XP level 4. HP: 35/39 MP: 3/3
  1671 | D:3      | Reached skill level 6 in Long Blades
  2123 | D:4      | Noticed Sigmund
  2124 | D:4      | Got an ichor-stained leather armour
  2141 | D:4      | Killed Sigmund
  2141 | D:4      | Reached skill level 7 in Long Blades
  2141 | D:4      | Reached XP level 5. HP: 45/45 MP: 4/4
  2141 | D:4      | Reached XP level 6. HP: 51/51 MP: 5/5
  2237 | D:4      | Found Ellasomp's Antique Weapon Emporium.
  2239 | D:4      | Identified the cursed +0 large shield of Uko Pesm {Int+9}
  2247 | D:4      | Reached skill level 8 in Long Blades
  2714 | D:4      | Identified the +4 dagger of the Shrike {antimagic, rElec}
  2895 | D:4      | Reached skill level 9 in Long Blades
  3212 | D:4      | Reached XP level 7. HP: 14/58 MP: 6/6
  3562 | D:5      | Entered Level 5 of the Dungeon
  3783 | D:5      | Noticed Eustachio
  3813 | D:5      | Killed Eustachio
  4015 | D:5      | Reached skill level 5 in Shields
  4432 | D:5      | Reached skill level 5 in Fighting
  4460 | D:5      | Identified the +1 leather armour of Honour {rC+ Int-3 Dex+3
                  | Slay+2} (You found it on level 4 of the Dungeon)
  4506 | D:6      | Found a sand-covered staircase.
  4514 | Ossuary  | Entered an ossuary
  4585 | Ossuary  | Reached XP level 8. HP: 59/68 MP: 7/7
  4838 | D:5      | Reached skill level 10 in Long Blades
  5933 | D:7      | Noticed a hippogriff
  5944 | D:7      | Killed a hippogriff
  6528 | D:7      | Found a staircase to the Ecumenical Temple.
  6568 | Temple   | Entered the Ecumenical Temple
  6857 | Temple   | Became a worshipper of Warmaster Okawaru
  6877 | D:7      | Reached XP level 9. HP: 75/75 MP: 8/8
  7278 | D:8      | Noticed Grum
  7293 | D:8      | HP: 2/75 [wolf[Grum] (5)]
  7298 | D:8      | Slain by a wolf

Skill      XL: |  1  2  3  4  5  6  7  8  9 |
---------------+----------------------------+-----
Long Blades    | 3 4 5 7 9 10 | 10.9
Fighting       | 5 6 |  6.0
Shields        | 5 8 9 |  9.4
Armour         | |  3.6

Action                   |  1- 3 |  4- 6 |  7- 9 || total
-------------------------+-------+-------+-------++-------
Melee: Long sword        |    93 |   151 |   323 ||   567
       Headbutt          |    16 |    29 |    65 ||   110
       Dagger            |       |     7 |       ||     7
  Use: Scroll            |       |       |     1 ||     1
  Eat: Chunk             |       |     8 |     6 ||    14
       Ration            |       |       |     2 ||     2
Armor: Scale mail        |    46 |    51 |    97 ||   194
Dodge: Dodged            |    29 |    41 |    58 ||   128
Block: Shield            |    46 |    68 |       ||   114
       Large shield      |       |       |   254 ||   254
       Rpst.: Long sword |    13 |    10 |    12 ||    35
